 Seeded DCSS version 0.29.1-2-gbd0b4ee654 (webtiles) character file.

Game seed: 1 (custom seed)

119546 Kazon the Fencer (level 16, -6/223 HPs)
             Began as a Minotaur Berserker on Nov 10, 2022.
             Was a High Priest of Trog.
             Mangled by a torpor snail (11 damage)
             ... on level 4 of the Spider Nest.
             The game lasted 02:18:38 (20206 turns).

Kazon the Fencer (Minotaur Berserker)              Turns: 20206, Time: 02:18:38

Health: -6/223     AC: 15    Str: 19    XL:     16   Next: 28%
Magic:  15/15      EV: 22    Int:  6    God:    Trog [*****.]
Gold:   667        SH: 10    Dex: 27    Spells: 15/15 levels left

rFire   + + +      SeeInvis +   f - +13 Maxwell's thermic engine {flame, freeze}
rCold   . . .      Faith    .   c - +2 buckler
rNeg    . . .      Spirit   .   V - +0 troll leather armour
rPois   +          Reflect  .   d - +2 hat
rElec   +          Harm     .   X - +2 cloak
rCorr   .          Rampage  .   (no gloves)
Will    +++..                   l - +2 pair of boots
Stlth   ..........              Z - amulet "Odemouw" {Contam rPois rF+++ Regen+ Stlth+}
HPRegen 3.07/turn               A - ring "Kavausie" {rElec Str-5 Dex+7 SInv}
MPRegen 0.14/turn               n - +6 ring of dexterity

@: berserking, lethally poisoned (-6 -> -6), strong-willed, regenerating,
slowed, studying Armour
A: horns 2, retaliatory headbutt
a: Renounce Religion, Berserk, Trog's Hand, Brothers in Arms


You were on level 4 of the Spider Nest.
You worshipped Trog.
Trog was extremely pleased with you.
You visited 3 branches of the dungeon, and saw 21 of its levels.

You collected 1627 gold pieces.
You spent 960 gold pieces at shops.

Inventory:

Hand Weapons
 e - a +9 quick blade of flaming
 f - the +13 Maxwell's thermic engine (weapon) {flame, freeze}
   (You found it on level 1 of the Lair of Beasts)

   It burns those it strikes, dealing additional fire damage.
   Big, fiery blades are also staple armaments of hydra-hunters.
   It freezes those it strikes, dealing additional cold damage.
   It can also slow down cold-blooded creatures.
   It becomes more effective when it hits something.
   This effect fades over time.
 s - the +3 falchion of Winter {venom, rCorr}
   (You bought it in a shop on level 3 of the Dungeon)

   It poisons the flesh of those it strikes.
   rCorr:     It protects you from acid and corrosion.
 C - a +3 double sword
Missiles
 o - a throwing net
 p - 19 boomerangs
 z - 6 curare-tipped darts
 B - 33 poisoned darts (quivered)
Armour
 c - a +2 buckler (worn)
 d - a +2 hat (worn)
 l - a +2 pair of boots (worn)
 V - a +0 troll leather armour (worn)
 X - a +2 cloak (worn)
Jewellery
 n - a +6 ring of dexterity (right hand)
 A - the ring "Kavausie" (left hand) {rElec Str-5 Dex+7 SInv}
   (You acquired it on level 1 of the Dungeon)

   [ring of see invisible]

   Str:       It affects your strength (-5).
   Dex:       It affects your dexterity (+7).
   rElec:     It insulates you from electricity.
   SInv:      It lets you see invisible.
 Z - the amulet "Odemouw" (around neck) {Contam rPois rF+++ Regen+ Stlth+}
   (You bought it in a shop on level 8 of the Dungeon)

   [amulet of regeneration]

   rF:        It renders you almost immune to fire.
   rPois:     It protects you from poison.
   Contam:    It causes magical contamination when unequipped.
   Regen:     It increases your rate of health regeneration.
   Stlth:     It makes you more stealthy.
Wands
 g - a wand of roots (17)
 y - a wand of mindburst (34)
 E - a wand of flame (44)
 L - a wand of paralysis (24)
 Q - a wand of polymorph (11)
Scrolls
 i - 2 scrolls of identify
 j - a scroll of enchant weapon
 m - 4 scrolls of immolation
 q - 3 scrolls of fog
 r - 2 scrolls of poison
 u - 6 scrolls of teleportation
 x - 2 scrolls of magic mapping
 H - 2 scrolls of fear
 K - 2 scrolls of brand weapon
 M - a scroll of summoning
 O - 2 scrolls of silence
Potions
 a - 3 potions of ambrosia
 h - a potion of resistance
 k - 4 potions of berserk rage
 t - 2 potions of heal wounds
 v - 2 potions of haste
 w - 10 potions of lignification
 G - 3 potions of cancellation
 I - 4 potions of might
 J - 7 potions of curing
 S - 2 potions of invisibility
 W - 2 potions of mutation
 Y - 4 potions of flight
Miscellaneous
 b - a phantom mirror
 N - a condenser vane
 T - a lightning rod (4/4)
 U - a phial of floods


   Skills:
 + Level 15.0 Fighting
 + Level 8.9(12.6) Short Blades
 + Level 15.2(16.3) Long Blades
 + Level 11.4 Throwing
 * Level 13.1 Armour
 + Level 11.1 Dodging
 + Level 7.1 Stealth
 + Level 9.2 Shields
 + Level 10.3 Evocations


You had 15 spell levels left.
You didn't know any spells.
Your spell library was empty.

Dungeon Overview and Level Annotations

Branches:
Dungeon (12/15)            Temple (0/1) D:7            Lair (5/5) D:10
 Shoals (0/4) Lair:3       Spider (4/4) Lair:3        Slime (0/5) Lair:4
    Orc (0/2) D:12

Altars:
Elyvilon
Hepliaklqana
Kikubaaqudgha
Uskayaw
Jiyva

Shops:
D:3 (   D:8 ?(==   D:10 :


Innate Abilities, Weirdness & Mutations

You have a pair of horns on your head.
You reflexively headbutt those who attack you in melee.


Message History

You block the torpor snail's attack.
You block the emperor scorpion's attack.
The emperor scorpion closely misses you.
The emperor scorpion misses you.
You are too berserk!
You chop the torpor snail into pieces!!!
You burn the torpor snail. You freeze the torpor snail.
The torpor snail is heavily wounded.
You feel very sick. You block the torpor snail's attack.
The emperor scorpion completely misses you.
You furiously retaliate!
You headbutt the emperor scorpion.
The emperor scorpion claws you but does no damage. x2
You slash the emperor scorpion! You burn the emperor scorpion.
You kill the emperor scorpion!
Trog accepts your kill.
You feel sick. The wolf spider misses you. You furiously retaliate!
You headbutt the wolf spider!!
The wolf spider bites you but does no damage.
The torpor snail bites you but does no damage.
You carve the wolf spider like a ham!!! You burn the wolf spider!
You kill the wolf spider!
Trog accepts your kill.
You feel sick. You block the torpor snail's attack.
Your life force feels restored.
You hit the torpor snail. You burn the torpor snail.
You freeze the torpor snail.
The torpor snail is heavily wounded.
You feel sick. You block the moth of wrath's attack.
Unknown command.
You slice the torpor snail!! You burn the torpor snail!
You freeze the torpor snail.
The torpor snail is almost dead.
You feel sick. You block the torpor snail's attack.
You hit the torpor snail. You burn the torpor snail.
You freeze the torpor snail.
The torpor snail is almost dead.
You feel sick. You block the moth of wrath's attack.
The torpor snail bites you!
You die...

### ### ..# . ...#..
####^..... ###..w......
#...@yy# #..###^# ####
#....#### ###..# #.......#
#....#### #####.....#####
#.......###.............#
##......#.#.............###
##..<###..#####.....#.....#
......###..##.###.###.....#


You could see a spark wasp, a torpor snail (berserk) and a moth of wrath.

Vanquished Creatures
  Mara (Spider:3)
  Rupert (D:12)
  3 emperor scorpions
  3 ghost moths
  3 broodmothers
  Nessos (D:12)
  2 spark wasps
  3 entropy weavers
  2 boulder beetles
  Fannar (Lair:2)
  Erolcha (D:10)
  3 catoblepae (Lair:5)
  2 two-headed ogres
  10 death yaks
  9 pharaoh ants
  A sun moth (Spider:1)
  Lodul (D:12)
  5 steelbarb worms
  6 orb spiders
  5 spectral wolf spiders (Spider:1)
  6 wolf spider zombies (Spider:1)
  18 wolf spiders
  A cyclops (D:12)
  An ugly thing (D:11)
  2 elephants (Lair:4)
  3 manticores
  A moth of wrath (Spider:3)
  5 black mambas
  11 cane toads
  6 torpor snails
  Maggie (D:6)
  4 rime drakes
  An unseen horror (D:12)
  4 kobold demonologists (D:11)
  14 komodo dragons
  12 demonic crawlers
  A tengu conjurer (D:12)
  4 trolls
  9 meliai (Spider:4)
  Prince Ribbit (D:9)
  A queen bee (Spider:4)
  A polar bear (Lair:4)
  20 tarantellas
  2 wolf spider simulacra (Spider:1)
  15 blink frogs
  5 dream sheep (Lair:4)
  A snapping turtle (Lair:3)
  2 shadows
  27 jumping spiders
  2 vampires
  2 wraiths (D:12)
  60 yaks
  27 culicivoras
  5 wyverns
  2 basilisks
  Eustachio (D:5)
  46 redbacks
  2 steam dragons
  Menkaure (D:5)
  Edmund (D:6)
  2 acid dragons
  16 water moccasins
  5 orc warriors
  An ice beast (D:8)
  5 sky beasts
  2 black bears (D:6)
  5 centaurs
  7 ogres
  A wolf (D:10)
  2 phantoms (D:6)
  3 kobold brigands
  3 necrophages
  5 bullfrogs
  A gnoll sergeant (D:7)
  10 scorpions
  21 wights
  19 killer bees
  3 electric eels
  A howler monkey (D:5)
  2 jellies (D:6)
  6 hounds
  7 orc priests
  A gnoll bouda (D:7)
  6 iguanas
  4 orc wizards
  4 hell rats (Lair:3)
  Robin (D:3)
  15 gnolls
  13 adders
  3 shadow imps
  2 white imps (D:7)
  An ufetubus (D:5)
  4 worms
  37 orcs
  11 endoplasms
  3 giant cockroaches
  16 goblins
  9 hobgoblins
  A jackal (D:4)
  27 kobolds
  A quokka (D:1)
  5 ball pythons
  4 bats
  3 frilled lizards
  6 rats
  A plant (Lair:5)
696 creatures vanquished.

Vanquished Creatures (collateral kills)
  An emperor scorpion (Spider:1)
  A catoblepas (Lair:2)
  A wolf spider (Spider:2)
  3 elephants (Lair:4)
  A demonic crawler (Spider:1)
  A komodo dragon (Lair:2)
  2 blink frogs (Lair:2)
  3 yaks (Lair:4)
  A basilisk (Lair:2)
  A bullfrog (Lair:4)
15 creatures vanquished.

Vanquished Creatures (others)
  23 fungi
  38 plants
61 creatures vanquished.

Grand Total: 772 creatures vanquished

Notes
Turn   | Place    | Note
-------+----------+-------------------------------------------
     0 | D:1      | Kazon the Minotaur Berserker began the quest for the Orb.
     0 | D:1      | Reached XP level 1. HP: 19/19 MP: 0/0
    32 | D:1      | Identified a scroll of acquirement
    32 | D:1      | Acquired the ring "Kavausie" {rElec Str-5 Dex+7 SInv}
   375 | D:1      | Reached XP level 2. HP: 27/27 MP: 1/1
  1027 | D:2      | Reached XP level 3. HP: 33/33 MP: 2/2
  1029 | D:2      | You fall into a shaft and drop 1 floor!
  1058 | D:3      | Reached ** piety under Trog
  1180 | D:3      | Reached XP level 4. HP: 40/40 MP: 3/3
  1289 | D:3      | Found Umat's Antique Weapon Boutique.
  1331 | D:2      | Reached skill level 1 in Throwing
  1678 | D:3      | Bought a crude falchion for 184 gold pieces
  1678 | D:3      | Identified the +3 falchion of Winter {venom, rCorr} (You
                  | bought it in a shop on level 3 of the Dungeon)
  1716 | D:2      | Reached skill level 5 in Long Blades
  2102 | D:3      | Reached XP level 5. HP: 45/47 MP: 4/4
  2104 | D:3      | Reached skill level 1 in Stealth
  2106 | D:3      | Noticed Robin
  2130 | D:3      | Killed Robin
  2152 | D:3      | Reached skill level 5 in Short Blades
  2152 | D:3      | Reached XP level 6. HP: 35/59 MP: 5/5
  2433 | D:4      | Reached *** piety under Trog
  2630 | D:4      | Found a hazy altar of Hepliaklqana.
  2854 | D:4      | Reached skill level 5 in Throwing
  2854 | D:4      | Reached XP level 7. HP: 61/66 MP: 6/6
  3280 | D:5      | Entered Level 5 of the Dungeon
  3463 | D:5      | Reached skill level 1 in Evocations
  3504 | D:5      | Reached XP level 8. HP: 73/73 MP: 7/7
  3778 | D:5      | Noticed Menkaure
  3780 | D:5      | Killed Menkaure
  3848 | D:5      | Noticed Eustachio
  3860 | D:5      | Killed Eustachio
  3860 | D:5      | Reached **** piety under Trog
  4114 | D:6      | Noticed Edmund
  4126 | D:6      | Killed Edmund
  4200 | D:6      | Reached XP level 9. HP: 71/81 MP: 8/8
  4414 | D:6      | Reached skill level 1 in Shields
  4692 | D:6      | Noticed Maggie
  4710 | D:6      | Killed Maggie
  5140 | D:7      | Reached XP level 10. HP: 59/91 MP: 9/9
  5152 | D:7      | Found a white marble altar of Elyvilon.
  5222 | D:7      | Reached skill level 10 in Long Blades
  5262 | D:7      | Found a staircase to the Ecumenical Temple.
  5342 | D:7      | Found a hide-covered altar of Uskayaw.
  5493 | D:7      | Reached ***** piety under Trog
  5738 | D:8      | Found Esumer's Weapon Shop.
  5850 | D:8      | Found Heidghoki's Jewellery Shop.
  5967 | D:8      | Found Quzidd's Magic Scroll Emporium.
  5976 | D:8      | Bought a scroll of teleportation for 42 gold pieces
  6119 | D:8      | Found Zoxtaeshakh's Jewellery Boutique.
  6637 | D:9      | Noticed Prince Ribbit
  6662 | D:9      | Killed Prince Ribbit
  7136 | D:9      | Received a gift from Trog
  7151 | D:9      | Noticed a two-headed ogre
  7179 | D:9      | Killed a two-headed ogre
  7498 | D:10     | Entered Level 10 of the Dungeon
  7590 | D:10     | Found a staircase to the Lair.
  7655 | D:10     | Reached skill level 10 in Fighting
  7662 | D:10     | Reached XP level 11. HP: 76/99 MP: 10/10
  7678 | D:10     | Noticed Erolcha
  7688 | D:10     | Killed Erolcha
  7803 | D:10     | Found Juagoaq's Book Shoppe.
  8070 | D:10     | Reached skill level 5 in Evocations
  8194 | D:10     | Identified the +5 long sword of the Land of Plenty {drain,
                  | Dex+3}
  8682 | D:11     | Noticed a green ugly thing
  8689 | D:11     | Killed a green ugly thing
  9970 | D:12     | Reached XP level 12. HP: 83/110 MP: 11/11
 10002 | D:12     | Noticed a two-headed ogre
 10017 | D:12     | Killed a two-headed ogre
 10211 | D:12     | Noticed Nessos
 10221 | D:12     | Killed Nessos
 10278 | D:12     | Found a staircase to the Orcish Mines.
 10372 | D:12     | Noticed Lodul
 10387 | D:12     | Killed Lodul
 10462 | D:12     | Noticed Rupert
 10473 | D:12     | Killed Rupert
 10571 | Lair:1   | Entered Level 1 of the Lair of Beasts
 10726 | Lair:1   | Found the +2 Maxwell's thermic engine {flame, freeze}
 10999 | D:8      | Bought the amulet "Odemouw" {Contam rPois rF+++ Regen+
                  | Stlth+} for 734 gold pieces
 11602 | Lair:2   | Received a gift from Trog
 11765 | Lair:2   | Noticed Fannar
 11784 | Lair:2   | Killed Fannar
 11907 | Lair:2   | Noticed a catoblepas
 11929 | Lair:2   | Killed a catoblepas
 12044 | Lair:2   | Reached XP level 13. HP: 103/119 MP: 12/12
 12473 | Lair:3   | Found a hole to the Spider Nest.
 12590 | Lair:3   | Found an ancient bone altar of Kikubaaqudgha.
 12765 | Lair:3   | Reached skill level 5 in Stealth
 12795 | Lair:3   | Found a staircase to the Shoals.
 13161 | Lair:4   | Reached skill level 5 in Shields
 13295 | Lair:4   | Identified the +3 battleaxe "Adididghufym" {antimagic, rF+
                  | Will+}
 13575 | Lair:4   | Found a viscous altar of Jiyva.
 13575 | Lair:4   | Found a staircase to the Slime Pits.
 13899 | Lair:5   | Entered Level 5 of the Lair of Beasts
 14780 | Lair:5   | Reached XP level 14. HP: 127/129 MP: 13/13
 15103 | Lair:5   | Reached skill level 10 in Throwing
 15345 | Spider:1 | Entered Level 1 of the Spider Nest
 15755 | Spider:1 | Noticed a broodmother
 15778 | Spider:1 | Killed a broodmother
 15976 | Spider:1 | Noticed an emperor scorpion
 15985 | Spider:1 | Killed an emperor scorpion
 16395 | Spider:1 | Reached XP level 15. HP: 138/138 MP: 14/14
 16409 | Spider:1 | Reached skill level 10 in Evocations
 16616 | Spider:1 | Acquired a manual of Armour
 16843 | Spider:2 | Received a gift from Trog
 17247 | Spider:2 | Noticed an emperor scorpion
 17266 | Spider:2 | Killed an emperor scorpion
 17267 | Spider:2 | Reached skill level 10 in Dodging
 17791 | Spider:3 | Reached skill level 10 in Armour
 18065 | Spider:3 | Received a gift from Trog
 18195 | Spider:3 | Noticed an emperor scorpion
 18218 | Spider:3 | Killed an emperor scorpion
 19042 | Spider:4 | Entered Level 4 of the Spider Nest
 19042 | Spider:4 | Noticed Mara
 19214 | Spider:3 | Noticed Kazon's illusion
 19222 | Spider:3 | Killed Mara
 19421 | Spider:4 | Reached XP level 16. HP: 107/147 MP: 15/15
 19447 | Spider:4 | Reached skill level 15 in Long Blades
 19992 | Spider:4 | Received a gift from Trog
 20055 | Spider:4 | Reached skill level 15 in Fighting
 20200 | Spider:4 | HP: 5/219 [emperor scorpion (15)]
 20205 | Spider:4 | HP: 4/223 [poisoned by an emperor scorpion]
 20206 | Spider:4 | Mangled by a torpor snail

Illustrated notes

Levels and vault maps discovered:
D:1:      dpeg_arrival_three_smaller_balls, layout_basic
D:2:      layout_loops_ring
D:3:      layout_basic, serial_shops, nicolae_shop_stone, st_stairs_9,
          minmay_misc_feat_doors, eino_curves_03, uniq_robin
D:4:      minmay_wonky_spiral, layout_basic,
          mainiacjoe_overflow_surrounded_room, minivault_5
D:5:      layout_cave_pods, uniq_menkaure, uniq_eustachio
D:6:      cheibrodos_barr_body, layout_basic, minmay_crystal_room,
          minmay_pentangle, uniq_maggie, uniq_edmund
D:7:      layout_cave_pools, nicolae_uskayaw_murder_on_the_dancefloor,
          elyvilon_altar_4, minmay_temple_entry_purple_smoke
D:8:      layout_basic, serial_shops, shop_statue, kennysheep_little_box, shop,
          nicolae_shop_window_shopping
D:9:      layout_cave_pools, uniq_prince_ribbit1
D:10:     layout_stronghold, erik_lair_island, serial_shops,
          nicolae_shop_statue_plus, uniq_erolcha
D:11:     layout_roguey
D:12:     layout_loops_ring, orc_0_dummy, chequers_serial_rivers_marsh,
          uniq_lodul, uniq_nessos, uniq_rupert
Lair:1:   layout_long_grid, fungi_pond_lemuel, cheibrodos_lair_reptile_den
Lair:2:   layout_gridlike, uniq_fannar
Lair:3:   layout_roguey, minmay_shoals_entry_hut,
          nicolae_spider_entry_non_spiders, basic_altar, serial_bayou_crossing
Lair:4:   layout_gridlike, slime_entry_1, serial_rivers,
          chequers_serial_rivers_room_a, chequers_serial_rivers_micro_c,
          chequers_serial_rivers_room_a, chequers_serial_rivers_micro_e,
          minivault_27, grunt_megastairs_3, infiniplex_staircase_pool_2
Lair:5:   evilmike_catoblepas_cave, layout_long_grid
Spider:1: layout_chambers, nicolae_spider_undead_wolf_pack
Spider:2: layout_cave_pods
Spider:3: layout_spider_delve
Spider:4: floodkiller_spider_rune_tomb, special_room [special_room_bee],
          uniq_mara

Skill      XL: |  1  2  3  4  5  6  7  8  9 10 11 12 13 14 15 16 |
---------------+-------------------------------------------------+-----
Long Blades    | 4 5 8 9 11 12 14 15 | 15.2
Fighting       | 4 7 8 9 10 11 12 13 14 15 | 15.0
Throwing       | 1 4 5 6 7 8 9 10 11 | 11.4
Stealth        | 1 2 3 4 5 6 7 |  7.1
Dodging        | 6 7 8 9 10 11 | 11.1
Short Blades   | 5 7 8 |  8.9
Armour         | 6 7 8 9 12 13 | 13.1
Evocations     | 1 2 3 4 6 7 8 9 10 | 10.3
Shields        | 1 2 3 4 5 7 8 9 |  9.2

Action                   |  1- 3 |  4- 6 |  7- 9 | 10-12 | 13-15 | 16-18 || total
-------------------------+-------+-------+-------+-------+-------+-------++-------
Melee: Falchion          |    47 |    42 |   197 |   206 |   385 |   110 ||   987
       Headbutt          |     9 |    18 |    60 |   159 |   323 |    45 ||   614
       Punch             |     1 |     1 |       |       |       |       ||     2
       Dagger            |       |    79 |     6 |    11 |       |       ||    96
       Long sword        |       |       |    13 |    62 |       |       ||    75
       Quick blade       |       |       |       |   406 |   434 |       ||   840
       Double sword      |       |       |       |       |   280 |    79 ||   359
Throw: Stone             |       |    12 |    48 |    58 |     3 |       ||   121
       Boomerang         |       |       |       |    66 |    82 |     1 ||   149
       Dart              |       |       |       |    47 |   168 |    21 ||   236
Invok: Berserk           |       |       |     1 |     9 |     6 |     2 ||    18
       Trog's Hand       |       |       |     1 |     4 |       |     2 ||     7
       Brothers in Arms  |       |       |       |     2 |     5 |     1 ||     8
Evoke: Wand              |       |       |     1 |       |     8 |       ||     9
       Lightning rod     |       |       |       |       |     7 |       ||     7
       Condenser vane    |       |       |       |       |     2 |       ||     2
       Phial of floods   |       |       |       |       |     1 |       ||     1
       Phantom mirror    |       |       |       |       |     1 |     1 ||     2
  Use: Scroll            |     1 |       |     4 |    18 |     6 |       ||    29
       Potion            |       |     2 |     1 |       |       |     1 ||     4
 Stab: Sleeping          |     3 |     3 |     3 |     8 |    21 |       ||    38
       Distracted        |       |       |       |       |     6 |     2 ||     8
       Paralysed         |       |       |       |       |     1 |       ||     1
Armor: Animal skin       |     4 |    25 |     8 |       |       |       ||    37
       Scale mail        |       |       |     6 |       |       |       ||     6
       Leather armour    |       |       |     8 |    23 |       |       ||    31
       Plate armour      |       |       |    34 |    78 |       |       ||   112
       Troll leather arm |       |       |       |    25 |   192 |    28 ||   245
Dodge: Dodged            |    17 |    82 |   120 |   234 |   540 |   147 ||  1140
Block: Buckler           |       |       |    35 |    84 |   305 |    94 ||   518
